 Dungeon Crawl Stone Soup version 0.32-a0-643-ga006e7742e (webtiles) character file.

Game seed: 8630129735100176586

1689 Aldia the Basher (level 9, -1/94 HPs)
             Began as an Oni Warper on Mar 7, 2024.
             Was an Initiate of Beogh.
             Slain by a yak (10 damage)
             ... on level 6 of the Dungeon.
             The game lasted 00:14:30 (6586 turns).

Aldia the Basher (Oni Warper)                       Turns: 6586, Time: 00:14:30

Health: -1/94      AC:  6    Str: 29    XL:     9   Next: 2%
Magic:  12/12      EV:  9    Int: 18    God:    Beogh [......]
Gold:   349        SH:  0    Dex:  8    Spells: 9/13 levels left

rFire   . . .        E - +0 giant club
rCold   . . .        (shield currently unavailable)
rNeg    . . .        w - +2 robe {Will+}
rPois   .            (helmet restricted)
rElec   .            t - +0 cloak
rCorr   .            (gloves unavailable)
SInv    .            (boots unavailable)
Will    +....        (no amulet)
Stlth   +            j - +6 ring of strength
HPRegen 0.35/turn    u - +6 ring of strength
MPRegen 0.13/turn

%: no passive effects
@: no status effects
A: large, unfitting armour, horns 1, tough skin 1, double potion healing,
drunken brawling
a: Renounce Religion


You were on level 6 of the Dungeon.
You worshipped Beogh.
Beogh was noncommittal.
You visited 2 branches of the dungeon, and saw 8 of its levels.

You collected 387 gold pieces.
You spent 38 gold pieces at shops.

Inventory:

Hand Weapons
 s - a +0 flail of draining
 y - a +0 dire flail
 E - a +0 giant club (weapon)
Missiles
 d - 7 darts of dispersal (quivered)
 p - 5 poisoned darts
Armour
 b - a +0 robe
 t - a +0 cloak (worn)
 w - a +2 robe of willpower (worn)
Jewellery
 j - a +6 ring of strength (left hand)
 u - a +6 ring of strength (right hand)
Wands
 a - a wand of roots (21)
 x - a wand of flame (28)
Scrolls
 c - 3 scrolls of blinking
 e - 2 scrolls of teleportation
 h - a scroll of immolation
 n - a scroll of vulnerability {unknown}
 q - a scroll of amnesia {unknown}
 r - a scroll of noise
 v - a scroll of enchant armour {unknown}
Potions
 f - 2 potions of curing
 g - a potion of haste
 i - a potion of heal wounds
 k - 2 potions of invisibility {unknown}
 l - 2 potions of attraction
 m - a potion of ambrosia {unknown}
 o - 2 potions of enlightenment
 z - 2 potions of degeneration {unknown}
 A - a potion of brilliance
 B - a potion of might {unknown}
 C - 2 potions of lignification {unknown}
 D - a potion of magic {unknown}


   Skills:
 + Level 7.6 Fighting
 * Level 8.0 Maces & Flails
 - Level 1.0 Throwing
 - Level 2.1 Dodging
 - Level 2.5 Spellcasting
 + Level 4.9 Translocations
 + Level 3.8 Invocations


You had 9 spell levels left.
You knew the following spells:

 Your Spells              Type           Power      Damage    Failure   Level
a - Blink                 Tloc           40%        N/A       3%          2
b - Lesser Beckoning      Tloc           40%        N/A       3%          2

Your spell library contained the following spells:

 Spells                   Type           Power      Damage    Failure   Level
 Teleport Other           Tloc           20%        N/A       7%          3
 Necrotise                Necr           8%         1d4       17%         1
 Slow                     Hex            8%         N/A       17%         1
 Manifold Assault         Tloc           20%        N/A       22%         4
 Ensorcelled Hibernation  Hex/Ice        4%         N/A       26%         2
 Confusing Touch          Hex            2%         N/A       45%         3
 Passwall                 Erth           2%         N/A       45%         3
 Sigil of Binding         Hex            2%         N/A       45%         3
 Summon Ice Beast         Ice/Summ       2%         N/A       45%         3
 Swiftness                Air            2%         N/A       45%         3
 Vampiric Draining        Necr           2%         2d6       45%         3
 Vhi's Electric Charge    Tloc/Air       22%        N/A       52%         4
 Animate Dead             Necr           2%         N/A       86%         4
 Martyr's Knell           Necr/Summ      2%         N/A       86%         4
 Borgnjor's Vile Clutch   Necr/Erth      1%         N/A       99%         5
 Curse of Agony           Necr           2%         N/A       99%         5
 Summon Mana Viper        Hex/Summ       2%         N/A       99%         5
 Death Channel            Necr           1%         N/A       100%        6
 Monstrous Menagerie      Summ           1%         N/A       100%        7


Dungeon Overview and Level Annotations

Branches:
Dungeon (7/15)             Temple (1/1) D:6

Altars:
Ashenzari
Cheibriados
Elyvilon
Gozag
Hepliaklqana
Makhleb
Nemelex Xobeh
Qazlal
Ru
Sif Muna
Trog
Uskayaw
Vehumet
Wu Jian
Xom
Zin

Shops:
D:2 :   D:3 *

Annotations:
D:5 Duvessa


Innate Abilities, Weirdness & Mutations

You are too large for most types of armour.
You have a pair of small horns on your head.
You have tough skin. (AC +1)
You gain doubled healing and magic from potions.
Whenever you drink a healing potion, you attack all around you.


Message History

The yak gores you. The yak gores you!
* * * LOW HITPOINT WARNING * * *
You closely miss the yak.
The yak is severely wounded.
The yak gores you but does no damage. The yak gores you!
* * * LOW HITPOINT WARNING * * *
The yak gores you.
* * * LOW HITPOINT WARNING * * *
The yak gores you!
* * * LOW HITPOINT WARNING * * *
You take a swig of the potion and twirl your +0 giant club.
You crush the yak like a grape!!! Your headbutt misses the yak.
The yak is almost dead.
You hit the yak but do no damage. You headbutt the yak!
The yak is almost dead.
You savour every drop.
You feel much better. The yak gores you! The yak gores you but does no damage.
Unknown command.
Unknown command.
You barely miss the yak.
The yak is almost dead.
The yak gores you! The yak completely misses you.
You barely miss the yak. You headbutt the yak, but do no damage.
The yak is almost dead.
The yak barely misses you. The yak gores you!
* * * LOW HITPOINT WARNING * * *
You barely miss the yak. Your headbutt misses the yak.
The yak is almost dead.
The yak gores you!
* * * LOW HITPOINT WARNING * * *
The yak gores you.
* * * LOW HITPOINT WARNING * * *
You barely miss the yak.
The yak is almost dead.
The yak gores you but does no damage. The yak barely misses you.
Unknown command.
You hit the yak but do no damage. You headbutt the yak.
The yak is almost dead.
The yak gores you!
You die...

######### #..Y@Y..# ##########
##########.#####.####.#......#
#..........# #..##.#..).....
#.########.# #..<.....####.#
####.########.# #.######## #.#
.....##.......#####...# #.#
####.##.#####.......#.#########.#
#.....(# ###...###............
####..###.####.#.#.##..######...#


You could see 2 yaks.

Vanquished Creatures
  Sigmund (D:5)
  Eustachio (D:5)
  A yak (D:6)
  A steam dragon (D:6)
  An orc warrior (D:6)
  An ice beast (D:6)
  An ogre (D:6)
  A phantom (D:6)
  A scorpion (D:5)
  A bullfrog (D:6)
  A gnoll sergeant (D:6)
  Dowan (D:5)
  A hound (D:5)
  2 bombardier beetles
  A jelly (D:2)
  Crazy Yiuf (D:3)
  A sleepcap (D:5)
  3 iguanas
  3 orc wizards
  5 gnolls
  6 adders
  4 ufetubi (D:5)
  5 dart slugs
  A ribbon worm (D:3)
  13 orcs
  9 ball pythons
  4 bats
  3 endoplasms
  3 giant cockroaches
  5 goblins
  2 hobgoblins (D:1)
  9 jackals
  2 quokkas
  2 frilled lizards
  4 kobolds
  6 rats
107 creatures vanquished.

Notes
Turn   | Place    | Note
-------+----------+-------------------------------------------
     0 | D:1      | Aldia the Oni Warper began the quest for the Orb.
     0 | D:1      | Reached XP level 1. HP: 22/22 MP: 3/3
   195 | D:1      | Reached XP level 2. HP: 24/31 MP: 5/5
   540 | D:1      | Reached skill level 3 in Maces & Flails
   540 | D:1      | Reached XP level 3. HP: 34/37 MP: 6/6
   543 | D:1      | Learned a level 2 spell: Blink
  1002 | D:2      | Found a faded altar of an unknown god.
  1042 | D:2      | Reached XP level 4. HP: 41/48 MP: 7/7
  1137 | D:2      | Found Magu's Book Boutique.
  1705 | D:3      | Found a white marble altar of Elyvilon.
  1734 | D:3      | Reached skill level 4 in Maces & Flails
  1824 | D:3      | Reached XP level 5. HP: 54/54 MP: 8/8
  2214 | D:3      | Found Kajomied's Assorted Antiques.
  2218 | D:3      | Bought a scroll labelled YPEKOS PYMY for 20 gold pieces
  2218 | D:3      | Bought an amethyst potion for 18 gold pieces
  2711 | D:3      | Found a runed translucent door.
  2712 | D:3      | Noticed Crazy Yiuf
  2807 | D:3      | Found a hazy altar of Hepliaklqana.
  3075 | D:3      | Killed Crazy Yiuf
  3076 | D:3      | Reached skill level 5 in Fighting
  3076 | D:3      | Reached XP level 6. HP: 29/66 MP: 9/9
  3368 | D:4      | Reached skill level 5 in Maces & Flails
  3703 | D:5      | Entered Level 5 of the Dungeon
  3882 | D:5      | Reached XP level 7. HP: 69/72 MP: 10/10
  3894 | D:5      | Noticed Sigmund
  3901 | D:5      | Killed Sigmund
  3902 | D:5      | Reached skill level 6 in Maces & Flails
  4133 | D:5      | Noticed Duvessa
  4145 | D:5      | Became a worshipper of Beogh the Shepherd
  4245 | D:5      | Learned a level 2 spell: Lesser Beckoning
  4438 | D:5      | Noticed Dowan
  4468 | D:5      | Killed Dowan
  4650 | D:5      | Noticed Eustachio
  4664 | D:5      | Killed Eustachio
  4665 | D:5      | Reached skill level 1 in Invocations
  4665 | D:5      | Reached XP level 8. HP: 46/84 MP: 11/11
  5071 | D:6      | Found a shimmering altar of Xom.
  5160 | D:6      | Found a staircase to the Ecumenical Temple.
  5193 | Temple   | Entered the Ecumenical Temple
  5408 | D:6      | Reached skill level 7 in Maces & Flails
  5564 | D:6      | Found a sparkling altar of Nemelex Xobeh.
  6208 | D:7      | Noticed a cyclops
  6276 | D:7      | Noticed a yak
  6521 | D:7      | Noticed a yak
  6521 | D:7      | Noticed a yak
  6527 | D:6      | Killed a yak
  6528 | D:6      | Reached skill level 8 in Maces & Flails
  6528 | D:6      | Reached XP level 9. HP: 78/94 MP: 12/12
  6586 | D:6      | Slain by a yak

Illustrated notes

Levels and vault maps discovered:
D:1:      dpeg_arrival_rooms_with_view, layout_loops_cross, minivault_27
D:2:      layout_rooms, serial_shops, shop, shapermc_ecumenical_altar_ellora,
          kennysheep_big_empty_room
D:3:      layout_basic, general_overflow_altar, lemuel_coloured_pillars_altar,
          serial_shops, nicolae_shop_back_alley_shop, interstate_on_off,
          roderic_lattice_a, uniq_crazy_yiuf_cottage
D:4:      layout_basic
D:5:      layout_basic, uniq_sigmund, uniq_duvessa, uniq_eustachio
D:6:      layout_loops_ring, lemuel_crystal_altar, mainiacjoe_overflow_catwalk,
          minmay_temple_entry_drinking_statues, minmay_tree_intersection
D:7:      layout_cave_pools
Temple:   nicolae_temple_no_exploring_needed

Skill      XL: |  1  2  3  4  5  6  7  8 |
---------------+-------------------------+-----
Fighting       | 3 4 5 6 7 |  7.6
Maces & Flails | 3 4 5 6 8 |  8.0
Translocations | 3 4 |  4.9
Invocations    | 1 3 |  3.8
Throwing       | |  1.0
Dodging        | |  2.1
Spellcasting   | |  2.5

Action                     |  1- 3 |  4- 6 |  7- 9 || total
---------------------------+-------+-------+-------++-------
  Melee: Mace              |    99 |    79 |       ||   178
         Headbutt          |    14 |    19 |    27 ||    60
         Flail             |       |    64 |   123 ||   187
         Giant club        |       |       |    37 ||    37
 Invoke: Convert to Beogh  |       |       |     1 ||     1
    Use: Scroll            |       |     2 |     7 ||     9
         Potion            |       |     1 |     3 ||     4
   Stab: Sleeping          |       |     1 |       ||     1
 Armour: Robe              |    72 |   111 |   182 ||   365
  Dodge: Dodged            |    45 |    67 |    82 ||   194

Table legend: (Time is in decaauts)
 A = Elapsed time spent in this place.
 B = Non-inter-level travel time spent in this place.
 C = Inter-level travel time spent in this place.
 D = Time resting spent in this place.
 E = Time spent auto-exploring this place.
 F = Levels seen in this place.
 G = Mean time per level.
                   A        B        C        D        E       F      G
               +--------+--------+--------+--------+--------+-----+--------+
         Total |   6657 |   6283 |    374 |    365 |   4830 |   8 |  832.1 |
       Dungeon |   6606 |   6232 |    374 |    318 |   4830 |   7 |  943.7 |
        Temple |     50 |     50 |      0 |     47 |      0 |   1 |   50.0 |
               +--------+--------+--------+--------+--------+-----+--------+

Top non-repeatable levels by time:
     D:6: 1576 daAuts
     D:3: 1557 daAuts
     D:5: 1244 daAuts
     D:2: 884 daAuts
     D:1: 822 daAuts
     D:4: 495 daAuts
  Temple: 50 daAuts
     D:7: 25 daAuts
